PUBAA
ST. CLOUD ROX @ WILLARD SUBMARINES
06/25/1967
 
TOP OF THE 1ST
Willard Submarines batting - Pitching for Rome Maelstrom : RHP Lanzo Recchi
Pitching: RHP Lanzo Recchi
Batting: SHB Miguel Pacheco 0-0: Foul Ball, location: 2F
0-1: Ball
1-1: Ball
2-1: SINGLE (Groundball, 4D, EV 95.0 MPH)
Batting: RHB Joe Mack 0-0: Foul Ball, location: 2F
0-1: Swinging Strike
0-2: Ball
1-2: Foul Ball, location: 2F
1-2: Strikes out swinging
Batting: RHB Paco Ortega 0-0: Called Strike
0-1: Foul Ball, location: 2F
0-2: Foul Ball, location: 2F
0-2: Ball
1-2: Strikes out looking
Miguel Pacheco is caught stealing 2nd base 2-4
Batter strikes out.
Top of the 1st over - 0 runs, 1 hit, 0 errors, 0 left on base; Willard 0 - Rome 0
BOTTOM OF THE 1ST
Rome Maelstrom batting - Pitching for Willard Submarines : RHP Dalton Savage
Pitching: RHP Dalton Savage
Batting: RHB Edgardo Téllez 0-0: Ball
1-0: Ball
2-0: Foul Ball, location: 2F
2-1: Swinging Strike
2-2: Ball
3-2: SINGLE (Groundball, 6MD, EV 106.3 MPH)
Batting: LHB Pedro Meléndez 0-0: SINGLE (Groundball, 6MD, EV 94.4 MPH)
Edgardo Téllez to second
Batting: RHB Joaquín Mendoza 0-0: Ball
1-0: Ball
2-0: Ball
3-0: Called Strike
3-1: Foul Ball, location: 2F
3-2: Grounds into double play, 4-6-3 (Groundball, 4, EV 93.8 MPH)
Edgardo Téllez to third
Batting: RHB Isidoro Montoya 0-0: Ball
1-0: Foul Ball, location: 2F
1-1: Swinging Strike
1-2: Fly out, F4 (Popup, 4, EV 65.0 MPH)
Bottom of the 1st over - 0 runs, 2 hits, 0 errors, 1 left on base; Willard 0 - Rome 0
TOP OF THE 2ND
Willard Submarines batting - Pitching for Rome Maelstrom : RHP Lanzo Recchi
Batting: RHB Ted Savage 0-0: Called Strike
0-1: Foul Ball, location: 2F
0-2: Ball
1-2: Ball
2-2: Foul Ball, location: 2F
2-2: Ball
3-2: Foul Ball, location: 2F
3-2: SOLO HOME RUN (Flyball, 9D, EV 103.8 MPH), Distance : 374 ft
Batting: SHB Brian Taylor 0-0: Ball
1-0: Foul Ball, location: 2F
1-1: Ball
2-1: Foul Ball, location: 2F
2-2: Strikes out swinging
Batting: LHB Tom Davis 0-0: Swinging Strike
0-1: Swinging Strike
0-2: Ball
1-2: Ball
2-2: Strikes out swinging
Batting: RHB Frans Stenger 0-0: Foul Ball, location: 2F
0-1: Foul Ball, location: 2F
0-2: Strikes out swinging
Top of the 2nd over - 1 run, 1 hit, 0 errors, 0 left on base; Willard 1 - Rome 0
BOTTOM OF THE 2ND
Rome Maelstrom batting - Pitching for Willard Submarines : RHP Dalton Savage
Batting: RHB Bob Allison 0-0: Fly out, F9 (Flyball, 9, EV 89.4 MPH)
Batting: RHB Bob Clark 0-0: Ball
1-0: Fly out, F4 (Popup, 4, EV 73.8 MPH)
Batting: RHB Steve Bertrand 0-0: Swinging Strike
0-1: Called Strike
0-2: Strikes out looking
Bottom of the 2nd over - 0 runs, 0 hits, 0 errors, 0 left on base; Willard 1 - Rome 0
TOP OF THE 3RD
Willard Submarines batting - Pitching for Rome Maelstrom : RHP Lanzo Recchi
Batting: RHB Gerardo Martínez 0-0: SINGLE (Flyball, 8LS, EV 95.6 MPH)
Batting: RHB Al Bush 0-0: Ball
1-0: Ball
2-0: Ball
3-0: Base on Balls
Gerardo Martínez to second
Batting: SHB Miguel Pacheco 0-0: Swinging Strike
0-1: Called Strike
0-2: Foul Ball, location: 2F
0-2: SINGLE (Groundball, 2L, EV 65.6 MPH) (infield hit)
Gerardo Martínez to third
Al Bush to second
Batting: RHB Joe Mack 0-0: Grounds into double play, 6-4-3 (Groundball, 6S, EV 81.9 MPH)
Gerardo Martínez scores
Al Bush to third
Batting: RHB Paco Ortega 0-0: Called Strike
0-1: Called Strike
0-2: Strikes out looking
Top of the 3rd over - 1 run, 2 hits, 0 errors, 1 left on base; Willard 2 - Rome 0
BOTTOM OF THE 3RD
Rome Maelstrom batting - Pitching for Willard Submarines : RHP Dalton Savage
Batting: LHB Juan Casillas 0-0: SOLO HOME RUN (Flyball, 78XD, EV 89.4 MPH), Distance : 441 ft
Batting: LHB Jesse Homer 0-0: Called Strike
0-1: Foul Ball, location: 2F
0-2: DOUBLE (Line Drive, 5D, EV 106.9 MPH)
Batting: RHB Edgardo Téllez 0-0: Called Strike
0-1: Ball
1-1: Foul Ball, location: 2F
1-2: Fly out, F8 (Flyball, 8LM, EV 86.3 MPH)
Batting: LHB Pedro Meléndez 0-0: Fly out, F7 (Line Drive, 7, EV 93.8 MPH)
Batting: RHB Joaquín Mendoza 0-0: Called Strike
0-1: Ball
1-1: Foul Ball, location: 2F
1-2: Ball
2-2: Foul Ball, location: 2F
2-2: Ground out 4-3 (Groundball, 4, EV 85.0 MPH)
Bottom of the 3rd over - 1 run, 2 hits, 0 errors, 1 left on base; Willard 2 - Rome 1
TOP OF THE 4TH
Willard Submarines batting - Pitching for Rome Maelstrom : RHP Lanzo Recchi
Batting: RHB Ted Savage 0-0: Called Strike
0-1: Ball
1-1: Foul Ball, location: 2F
1-2: Ball
2-2: Ball
3-2: SINGLE (Line Drive, 7LS, EV 106.9 MPH)
Batting: SHB Brian Taylor 0-0: Ball
1-0: Called Strike
1-1: Swinging Strike
1-2: Strikes out swinging
Batting: LHB Tom Davis 0-0: Foul Ball, location: 2F
0-1: Grounds out, U3 (Groundball, 3L, EV 87.5 MPH)
Batting: RHB Frans Stenger 0-0: Ball
1-0: Foul Ball, location: 2F
1-1: Swinging Strike
1-2: Ball
2-2: Strikes out swinging
Top of the 4th over - 0 runs, 1 hit, 0 errors, 1 left on base; Willard 2 - Rome 1
BOTTOM OF THE 4TH
Rome Maelstrom batting - Pitching for Willard Submarines : RHP Dalton Savage
Batting: RHB Isidoro Montoya 0-0: Called Strike
0-1: Foul Ball, location: 2F
0-2: Ball
1-2: Strikes out swinging
Batting: RHB Bob Allison 0-0: Ball
1-0: Called Strike
1-1: Ground out 6-3 (Groundball, 6, EV 98.1 MPH)
Batting: RHB Bob Clark 0-0: Called Strike
0-1: Ball
1-1: Ball
2-1: Ball
3-1: Foul Ball, location: 2F
3-2: Foul Ball, location: 2F
3-2: Fly out, F8 (Line Drive, 8RM, EV 90.0 MPH)
Bottom of the 4th over - 0 runs, 0 hits, 0 errors, 0 left on base; Willard 2 - Rome 1
TOP OF THE 5TH
Willard Submarines batting - Pitching for Rome Maelstrom : RHP Lanzo Recchi
Batting: RHB Gerardo Martínez 0-0: Ball
1-0: Called Strike
1-1: Swinging Strike
1-2: Foul Ball, location: 2F
1-2: Foul Ball, location: 2F
1-2: Strikes out swinging
Batting: RHB Al Bush 0-0: Swinging Strike
0-1: Ball
1-1: Ball
2-1: Fly out, F8 (Flyball, 8RXD, EV 91.9 MPH)
Batting: SHB Miguel Pacheco 0-0: DOUBLE (Groundball, 3L, EV 106.9 MPH)
Batting: RHB Joe Mack 0-0: Called Strike
0-1: Foul Ball, location: 2F
0-2: Hit by Pitch
Batting: RHB Paco Ortega 0-0: Ball
1-0: Called Strike
1-1: Swinging Strike
1-2: Strikes out looking
Top of the 5th over - 0 runs, 1 hit, 0 errors, 2 left on base; Willard 2 - Rome 1
BOTTOM OF THE 5TH
Rome Maelstrom batting - Pitching for Willard Submarines : RHP Dalton Savage
Batting: RHB Steve Bertrand 0-0: Ball
1-0: Called Strike
1-1: Swinging Strike
1-2: Foul Ball, location: 2F
1-2: Strikes out looking
Batting: LHB Juan Casillas 0-0: Swinging Strike
0-1: Swinging Strike
0-2: Strikes out looking
Batting: LHB Jesse Homer 0-0: Fly out, F8 (Flyball, 8RD, EV 108.1 MPH)
Bottom of the 5th over - 0 runs, 0 hits, 0 errors, 0 left on base; Willard 2 - Rome 1
TOP OF THE 6TH
Willard Submarines batting - Pitching for Rome Maelstrom : RHP Lanzo Recchi
Batting: RHB Ted Savage 0-0: Ball
1-0: Swinging Strike
1-1: Foul Ball, location: 2F
1-2: Foul Ball, location: 2F
1-2: Foul Ball, location: 2F
1-2: SINGLE (Groundball, 6MD, EV 101.3 MPH)
Batting: SHB Brian Taylor 0-0: Called Strike
0-1: Ball
1-1: Foul Ball, location: 2F
1-2: Foul Ball, location: 2F
1-2: Ball
2-2: Fielders Choice at 2nd, 4-6 (Groundball, 4, EV 85.0 MPH)
Batting: LHB Tom Davis 0-0: Swinging Strike
0-1: Ball
1-1: Ball
2-1: Ball
3-1: Foul Ball, location: 2F
3-2: Foul Ball, location: 2F
3-2: Foul Ball, location: 2F
3-2: Foul Ball, location: 2F
3-2: SINGLE (Line Drive, 7LS, EV 91.9 MPH)
Brian Taylor to second
Batting: RHB Frans Stenger 0-0: Swinging Strike
0-1: Foul Ball, location: 2F
0-2: Fly out, F8 (Flyball, 89S, EV 75.0 MPH)
Batting: RHB Gerardo Martínez 0-0: Fly out, F8 (Flyball, 8LS, EV 85.6 MPH)
Top of the 6th over - 0 runs, 2 hits, 0 errors, 2 left on base; Willard 2 - Rome 1
BOTTOM OF THE 6TH
Rome Maelstrom batting - Pitching for Willard Submarines : RHP Dalton Savage
Batting: RHB Edgardo Téllez 0-0: Called Strike
0-1: Fly out, F7 (Flyball, 78D, EV 90.6 MPH)
Batting: LHB Pedro Meléndez 0-0: Ground out 6-3 (Groundball, 6S, EV 83.1 MPH)
Batting: RHB Joaquín Mendoza 0-0: Ball
1-0: Called Strike
1-1: Ball
2-1: Called Strike
2-2: Strikes out swinging
Bottom of the 6th over - 0 runs, 0 hits, 0 errors, 0 left on base; Willard 2 - Rome 1
TOP OF THE 7TH
Willard Submarines batting - Pitching for Rome Maelstrom : RHP Lanzo Recchi
Batting: RHB Al Bush 0-0: Swinging Strike
0-1: Swinging Strike
0-2: Ball
1-2: Foul Ball, location: 2F
1-2: Foul Ball, location: 2F
1-2: Ball
2-2: Foul Ball, location: 2F
2-2: Foul Ball, location: 2F
2-2: Foul Ball, location: 2F
2-2: Ball
3-2: Base on Balls
Batting: SHB Miguel Pacheco 0-0: Ball
1-0: Ball
2-0: Called Strike
2-1: SINGLE (Groundball, 34D, EV 100.0 MPH)
Al Bush to second
Runner from 2nd tries for 3rd, SAFE, throw by RF made to third
Batting: RHB Joe Mack 0-0: Called Strike
0-1: Fly out, F8 (Flyball, 89D, EV 81.3 MPH)
Runner from 3rd tags up, SCORES, throw by CF
Batting: RHB Paco Ortega 0-0: Ball
1-0: Ball
2-0: Fly out, F9 (Flyball, 9, EV 85.0 MPH)
Batting: RHB Ted Savage 0-0: Foul Ball, location: 2F
0-1: Ball
1-1: Ball
2-1: Called Strike
2-2: Strikes out swinging wild pitch, reaches first!
Miguel Pacheco to second
Pitching: RHP Bob Kelly
Batting: SHB Brian Taylor 0-0: Ball
1-0: Called Strike
1-1: Ball
2-1: Fly out, F9 (Flyball, 9, EV 93.8 MPH)
Top of the 7th over - 1 run, 1 hit, 0 errors, 2 left on base; Willard 3 - Rome 1
BOTTOM OF THE 7TH
Rome Maelstrom batting - Pitching for Willard Submarines : RHP Dalton Savage
Batting: RHB Isidoro Montoya 0-0: DOUBLE (Line Drive, 3D, EV 95.6 MPH)
Batting: RHB Bob Allison 0-0: Called Strike
Isidoro Montoya steals 3rd base
0-1: Ground out 4-3 (Groundball, 34, EV 99.4 MPH)
Isidoro Montoya scores
Batting: RHB Bob Clark 0-0: Called Strike
0-1: Ball
1-1: Ball
2-1: Ground out 5-3 (Groundball, 56, EV 105.6 MPH)
Batting: RHB Steve Bertrand 0-0: Ball
1-0: Ball
2-0: Foul Ball, location: 2F
2-1: Fly out, F3 (Popup, 3SF, EV 83.8 MPH)
Bottom of the 7th over - 1 run, 1 hit, 0 errors, 0 left on base; Willard 3 - Rome 2
TOP OF THE 8TH
Willard Submarines batting - Pitching for Rome Maelstrom : RHP Bob Kelly
Batting: LHB Tom Davis 0-0: Foul Ball, location: 2F
0-1: SOLO HOME RUN (Line Drive, 9LD, EV 99.4 MPH), Distance : 353 ft
Batting: RHB Frans Stenger 0-0: Hit by Pitch
Batting: RHB Gerardo Martínez 0-0: Called Strike
0-1: Ball
1-1: Foul Ball, location: 2F
1-2: Ball
2-2: Ball
3-2: Strikes out swinging
Batting: RHB Al Bush 0-0: Ball
1-0: SINGLE (Groundball, 6D, EV 103.1 MPH)
Frans Stenger to second
Batting: SHB Miguel Pacheco 0-0: Foul Ball, location: 2F
0-1: Foul Ball, location: 2F
0-2: DOUBLE (Flyball, 8LXD, EV 107.5 MPH)
Frans Stenger scores
Al Bush to third
Pitching: RHP Colton Lee
Batting: RHB Joe Mack 0-0: Called Strike
0-1: Foul Ball, location: 2F
0-2: Ball
1-2: Ball
2-2: Ball
3-2: Foul Ball, location: 2F
3-2: Fly out, F8 (Line Drive, 8LM, EV 87.5 MPH)
Runner from 3rd tags up, SCORES, throw by CF
Miguel Pacheco to third
Batting: RHB Paco Ortega 0-0: Called Strike
0-1: SINGLE (Line Drive, 8RS, EV 105.6 MPH)
Miguel Pacheco scores
Batting: RHB Ted Savage 0-0: Called Strike
Paco Ortega is caught stealing 2nd base 2-4
Top of the 8th over - 4 runs, 4 hits, 0 errors, 0 left on base; Willard 7 - Rome 2
BOTTOM OF THE 8TH
Rome Maelstrom batting - Pitching for Willard Submarines : RHP Dalton Savage
Batting: LHB Juan Casillas 0-0: SOLO HOME RUN (Flyball, 89XD, EV 93.1 MPH), Distance : 406 ft
Batting: LHB Jesse Homer 0-0: Fly out, F5 (Popup, 5L, EV 66.3 MPH)
Batting: RHB Edgardo Téllez 0-0: Foul Ball, location: 2F
0-1: SINGLE (Line Drive, 89M, EV 97.5 MPH)
Batting: LHB Pedro Meléndez 0-0: Ball
1-0: Ball
2-0: Foul Ball, location: 2F
2-1: Ball
3-1: Base on Balls
Edgardo Téllez to second
Batting: RHB Joaquín Mendoza 0-0: Ball
1-0: Called Strike
1-1: Swinging Strike
1-2: Strikes out looking
Batting: RHB Isidoro Montoya 0-0: Foul Ball, location: 2F
0-1: Ball
1-1: Called Strike
1-2: Strikes out swinging
Bottom of the 8th over - 1 run, 2 hits, 0 errors, 2 left on base; Willard 7 - Rome 3
TOP OF THE 9TH
Willard Submarines batting - Pitching for Rome Maelstrom : RHP Colton Lee
Batting: RHB Ted Savage 0-0: Called Strike
0-1: Foul Ball, location: 2F
0-2: Ball
1-2: Foul Ball, location: 2F
1-2: Ball
2-2: Foul Ball, location: 2F
2-2: Ball
3-2: SINGLE (Groundball, 34D, EV 106.9 MPH)
Batting: SHB Brian Taylor 0-0: Called Strike
0-1: Called Strike
0-2: Strikes out swinging
Batting: LHB Tom Davis 0-0: Ball
1-0: Fielders Choice at 2nd, 3-6 (Groundball, 3, EV 90.6 MPH)
Batting: RHB Frans Stenger 0-0: Ball
1-0: Called Strike
1-1: Ball
2-1: Swinging Strike
2-2: Strikes out swinging
Top of the 9th over - 0 runs, 1 hit, 0 errors, 1 left on base; Willard 7 - Rome 3
BOTTOM OF THE 9TH
Rome Maelstrom batting - Pitching for Willard Submarines : RHP Dalton Savage
Batting: RHB Bob Allison 0-0: Called Strike
0-1: Ball
1-1: Ball
2-1: Foul Ball, location: 2F
2-2: Ball
3-2: Ground out 5-3 (Groundball, 56, EV 78.8 MPH)
Batting: RHB Bob Clark 0-0: Ball
1-0: Ball
2-0: SINGLE (Groundball, 56D, EV 97.5 MPH)
Batting: RHB Steve Bertrand 0-0: Called Strike
0-1: Ball
1-1: Swinging Strike
1-2: Strikes out swinging
Batting: LHB Juan Casillas 0-0: Ball
1-0: Ball
2-0: Foul Ball, location: 2F
2-1: Ball
3-1: Base on Balls
Bob Clark to second
Batting: LHB Jesse Homer 0-0: Foul Ball, location: 2F
0-1: Ball
1-1: Swinging Strike
1-2: Foul Ball, location: 2F
1-2: SINGLE (Groundball, 6D, EV 100.6 MPH)
Bob Clark to third
Juan Casillas to second
Pitching: RHP Mike Kelly
Pinch Hitting: LHB Jim King 0-0: Called Strike
0-1: Foul Ball, location: 2F
0-2: Ball
1-2: Ball
2-2: Strikes out looking
Bottom of the 9th over - 0 runs, 2 hits, 0 errors, 3 left on base; Willard 7 - Rome 3
Tuesday, March 29th , 2022 - OOTP Baseball 22.11 Build 82